[Event "November 21 Early 2023"]
[Site "https://www.chess.com"]
[Date "2023.11.21"]
[Round "2"]
[White "Makhnev, Denis"]
[Black "Dubov, Daniil"]
[Result "0-1"]
[Board "4"]
[TimeControl "180+1"]
[WhiteFideId "13707647"]
[BlackFideId "24126055"]
[WhiteElo "2533"]
[BlackElo "2767"]
[WhiteTeam "KAZ"]
[BlackTeam "RUS"]
[WhiteClock "0:00:11"]
[BlackClock "0:00:31"]

1. Nf3 Nf6 2. c4 g6 3. Nc3 Bg7 4. g3 b6 5. Bg2 Bb7 6. O-O c5 7. b3 O-O 8. Bb2 d6 9. d4 cxd4 10. Nxd4 Bxg2 11. Kxg2 Qc8 12. Qd3 Nbd7 13. Rac1 Ne5 14. Qd2 Qb7+ 15. Kg1 Rac8 16. Rfd1 Rfe8 17. Nc2 h5 18. Nb4 h4 19. Ncd5 Ned7 20. Nxf6+ Nxf6 21. Nd5 Nxd5 22. Bxg7 Kxg7 23. Qxd5 Qd7 24. Qd4+ f6 25. Qxh4 Rh8 26. Qe4 Rh3 27. Kg2 Rch8 28. Rh1 R8h5 29. Rcd1 Re5 30. Qf3 Qe6 31. e3 Rf5 32. Qe2 Rfh5 33. Rd4 Qc8 34. Re4 e5 35. Qg4 f5 0-1

[Event "November 21 Early 2023"]
[Site "https://www.chess.com"]
[Date "2023.11.21"]
[Round "2"]
[White "Andreikin, Dmitry"]
[Black "Nagare Kaivalya Sandip"]
[Result "1-0"]
[Board "5"]
[TimeControl "180+1"]
[WhiteFideId "4158814"]
[BlackFideId "25957929"]
[WhiteElo "2741"]
[BlackElo "2024"]
[WhiteTeam "FID"]
[BlackTeam "IND"]
[WhiteClock "0:01:29"]
[BlackClock "0:00:19"]

1. d4 Nf6 2. c4 g6 3. Nc3 Bg7 4. e4 d6 5. h3 O-O 6. Be3 c6 7. Nf3 Na6 8. Be2 Nc7 9. O-O Nd7 10. Qd2 e5 11. Rad1 Ne6 12. d5 cxd5 13. Qxd5 Nd4 14. Nxd4 Nb6 15. Qa5 exd4 16. Bxd4 Be6 17. Bxg7 Kxg7 18. c5 Nd7 19. Qxd8 Rfxd8 20. cxd6 Rac8 21. f4 Nb6 22. e5 Nc4 23. Bxc4 Rxc4 24. Rd2 a6 25. a3 b5 26. h4 h5 27. g3 Rb8 28. Rfd1 Bg4 29. Re1 b4 30. axb4 Rcxb4 31. Nd1 Rb3 32. Ne3 Be6 33. Ree2 a5 34. Kf2 a4 35. Rd4 Rxb2 36. Rxa4 Rxe2+ 37. Kxe2 Rb2+ 38. Kd3 Rb3+ 39. Kd4 Rb2 40. Kc5 Re2 41. Nd5 Rg2 42. Ra3 Rc2+ 43. Rc3 Rd2 44. Nf6 Rd1 45. Kc6 Rd4 46. Kc7 Kf8 47. d7 Ke7 48. Ng8+ Kf8 49. d8=Q+ Rxd8 50. Kxd8 Kxg8 51. Ke7 Kg7 52. Rc6 Ba2 53. Rf6 Bd5 54. f5 gxf5 55. Rxf5 Kg6 56. Rg5+ Kh6 57. Kf6 Be6 58. Rg7 Bd5 59. Rxf7 Bxf7 60. Kxf7 Kh7 61. e6 Kh8 62. e7 Kh7 63. e8=Q Kh6 64. Qh8# 1-0

[Event "November 21 Early 2023"]
[Site "https://www.chess.com"]
[Date "2023.11.21"]
[Round "2"]
[White "Ahmad, Khagan"]
[Black "Nihal Sarin"]
[Result "0-1"]
[Board "6"]
[TimeControl "180+1"]
[WhiteFideId "13431552"]
[BlackFideId "25092340"]
[WhiteElo "2160"]
[BlackElo "2689"]
[WhiteTeam "AZE"]
[BlackTeam "IND"]
[WhiteClock "0:00:01"]
[BlackClock "0:00:07"]

1. Nf3 d5 2. d4 Nf6 3. c4 e6 4. g3 Bb4+ 5. Bd2 Bd6 6. Qc2 h6 7. Bg2 O-O 8. O-O c6 9. b3 b5 10. Nc3 b4 11. Na4 a5 12. c5 Bc7 13. Bf4 Nbd7 14. Rfe1 Ba6 15. Rac1 Re8 16. e3 Bb5 17. Nb2 Ne4 18. Nd2 Nc3 19. a4 Ba6 20. Nb1 Nxb1 21. Qxb1 e5 22. dxe5 Bxe5 23. Bxe5 Nxe5 24. Qc2 Qf6 25. Qd2 Re6 26. Qd4 Rae8 27. h3 g5 28. Rcd1 Kg7 29. e4 dxe4 30. Rxe4 Kf8 31. Nc4 Nxc4 32. bxc4 Qxd4 33. Rexd4 Re1+ 34. Rxe1 Rxe1+ 35. Kh2 b3 36. Rd2 Bxc4 37. Bxc6 Re5 38. Rd8+ Kg7 39. Rb8 Rxc5 40. Bf3 Be6 41. Rb7 Rc3 42. Bh5 Rc2 43. Kg2 Bd5+ 0-1

[Event "November 21 Early 2023"]
[Site "https://www.chess.com"]
[Date "2023.11.21"]
[Round "2"]
[White "Erdogmus, Yagiz Kaan"]
[Black "Ambartsumova, Karina"]
[Result "1-0"]
[Board "7"]
[TimeControl "180+1"]
[WhiteFideId "44599790"]
[BlackFideId "4166299"]
[WhiteElo "2359"]
[BlackElo "2240"]
[WhiteTeam "TUR"]
[BlackTeam "RUS"]
[WhiteClock "0:00:34"]
[BlackClock "0:00:12"]

1. e4 e5 2. Nf3 Nc6 3. Bc4 Nf6 4. Ng5 d5 5. exd5 Na5 6. Bb5+ c6 7. dxc6 bxc6 8. Bd3 Be7 9. O-O h6 10. Ne4 Nd5 11. Ng3 Nf4 12. Bf5 Ba6 13. d3 g6 14. Be4 O-O 15. Re1 Bc5 16. Be3 Bd6 17. Nc3 f5 18. Bf3 Qf6 19. a3 Rad8 20. b4 Nb7 21. b5 cxb5 22. Nd5 Nxd5 23. Bxd5+ Kg7 24. Bxa7 Nc5 25. d4 exd4 26. Bxc5 Bxc5 27. Re6 Qh4 28. Rxa6 Rxd5 29. Qf3 Rfd8 30. Re1 d3 31. cxd3 Rxd3 32. Rxg6+ Kxg6 33. Qxf5+ Kg7 34. Nh5+ Kh8 35. Qe5+ Kg8 36. Qg7# 1-0

[Event "November 21 Early 2023"]
[Site "https://www.chess.com"]
[Date "2023.11.21"]
[Round "2"]
[White "Trost, Edvin"]
[Black "Lazavik, Denis"]
[Result "1-0"]
[Board "8"]
[TimeControl "180+1"]
[WhiteFideId "1729519"]
[BlackFideId "13515110"]
[WhiteElo "2385"]
[BlackElo "2556"]
[WhiteTeam "SWE"]
[BlackTeam "BLR"]
[WhiteClock "0:00:07"]
[BlackClock "0:00:03"]

1. d4 Nf6 2. Nf3 d5 3. c4 e6 4. g3 Bb4+ 5. Bd2 a5 6. Qa4+ Bd7 7. Qc2 dxc4 8. Qxc4 Bxd2+ 9. Nbxd2 Bc6 10. Bg2 O-O 11. O-O Nbd7 12. Qc2 Bxf3 13. Nxf3 c6 14. e4 Qe7 15. Rfe1 Rfd8 16. Rad1 h6 17. h4 Nb6 18. Ne5 a4 19. a3 Nfd7 20. Nd3 Rac8 21. Nf4 e5 22. Ne2 Nf6 23. Qc3 Nbd7 24. Qc2 Ra8 25. dxe5 Qxe5 26. Nd4 g6 27. Rd2 Nc5 28. f4 Qe7 29. e5 Nh5 30. Qc3 Ne6 31. Red1 Nxd4 32. Rxd4 Rxd4 33. Rxd4 Rd8 34. Kf2 Ng7 35. Bh3 g5 36. hxg5 hxg5 37. f5 Qc7 38. Kf3 Re8 39. f6 Qxe5 40. Rd2 Qe4+ 41. Kf2 g4 42. Bf1 Qf5+ 43. Kg1 Nh5 44. Rf2 Qg5 45. Be2 Re3 46. Qd4 Rxg3+ 47. Kf1 Rh3 48. Bxg4 Ng3+ 49. Kg2 Rh6 50. Kxg3 Qh4+ 51. Kg2 Qh2+ 52. Kf1 Qh1+ 53. Ke2 Rh4 54. Qd8+ Kh7 55. Bf5+ Kh6 56. Qh8+ Kg5 57. Qg7+ Kh5 58. Bg4+ Rxg4 59. Qh7+ 1-0

[Event "November 21 Early 2023"]
[Site "https://www.chess.com"]
[Date "2023.11.21"]
[Round "2"]
[White "Le, Quang Liem"]
[Black "Arhan_Anand"]
[Result "1-0"]
[Board "9"]
[TimeControl "180+1"]
[WhiteFideId "12401137"]
[WhiteElo "2665"]
[BlackElo "2639"]
[WhiteTeam "VIE"]
[WhiteClock "0:00:15"]
[BlackClock "0:00:18"]

1. Nf3 d5 2. e3 Nf6 3. c4 e6 4. Nc3 c6 5. b3 Nbd7 6. Bb2 Bd6 7. Qc2 O-O 8. Rg1 e5 9. cxd5 Nxd5 10. Ne4 Bc7 11. g4 Re8 12. a3 Nf8 13. h4 Ng6 14. h5 Nh4 15. Be2 Nxf3+ 16. Bxf3 Be6 17. Nc5 Qc8 18. Rc1 Bd6 19. g5 Bxc5 20. Qxc5 Bf5 21. e4 Nf4 22. Qe3 Bh3 23. Bxe5 Rxe5 24. Qxf4 Qe6 25. Rg3 Re8 26. d4 Ra5 27. a4 Bf5 28. Rc3 Qd7 29. Rd3 g6 30. Kf1 Be6 31. h6 Qe7 32. Qf6 Qxf6 33. gxf6 b5 34. axb5 cxb5 35. d5 Bd7 36. Rc3 Ra3 37. Rc7 Bc8 38. Be2 a6 39. Rgc3 Ra1+ 40. Kg2 1-0

[Event "November 21 Early 2023"]
[Site "https://www.chess.com"]
[Date "2023.11.21"]
[Round "2"]
[White "Sadhwani, Raunak"]
[Black "SmirnovAlexandrA"]
[Result "1-0"]
[Board "11"]
[TimeControl "180+1"]
[WhiteFideId "35093487"]
[WhiteElo "2668"]
[BlackElo "2637"]
[WhiteTeam "IND"]
[WhiteClock "0:00:04"]
[BlackClock "0:00:00"]

1. b3 Nf6 2. Bb2 c5 3. Nf3 Nc6 4. c4 g6 5. g3 Bg7 6. Bg2 O-O 7. O-O d6 8. d4 cxd4 9. Nxd4 Bd7 10. Nc3 Nxd4 11. Qxd4 Bc6 12. Nd5 Bxd5 13. Bxd5 Ne8 14. Qd2 Bxb2 15. Qxb2 Qd7 16. Rfd1 Nf6 17. Bf3 Rac8 18. a4 a5 19. b4 b6 20. c5 bxc5 21. bxa5 c4 22. a6 d5 23. Qb5 Rfd8 24. e4 e6 25. exd5 exd5 26. Rac1 Qa7 27. Qb7 Qc5 28. Qb5 Qa7 29. Qa5 Rd6 30. Qb4 Rxa6 31. Ra1 Qc5 32. Qc3 Kg7 33. h4 h5 34. Rxd5 Qe7 35. a5 Rc5 36. Rxc5 Qxc5 37. Bb7 Rd6 38. a6 Rd3 39. Qa5 Qa7 40. Kg2 Ng4 41. Ra2 c3 42. Qg5 f6 43. Qf4 Rd4 44. Qc7+ Kh6 45. Qxc3 1-0

[Event "November 21 Early 2023"]
[Site "https://www.chess.com"]
[Date "2023.11.21"]
[Round "2"]
[White "Bao, Qilin"]
[Black "Paravyan, David"]
[Result "0-1"]
[Board "12"]
[TimeControl "180+1"]
[WhiteFideId "8605750"]
[BlackFideId "4194985"]
[WhiteElo "2320"]
[BlackElo "2566"]
[WhiteTeam "CHN"]
[BlackTeam "FID"]
[WhiteClock "0:01:33"]
[BlackClock "0:02:24"]

1. d4 d5 2. Bf4 c5 3. e3 Nc6 4. c3 Nf6 5. Nd2 cxd4 6. exd4 Bf5 7. Qb3 Qc8 8. Ngf3 e6 9. Ne5 Be7 10. Nxc6 bxc6 11. Qa4 a5 12. Be2 O-O 13. O-O c5 14. Nf3 Ne4 15. Ne5 Bd6 16. dxc5 Nxc5 17. Qd1 Qc7 0-1

[Event "November 21 Early 2023"]
[Site "https://www.chess.com"]
[Date "2023.11.21"]
[Round "2"]
[White "Bortnyk, Olexandr"]
[Black "Weishaeutel, Moritz"]
[Result "1-0"]
[Board "13"]
[TimeControl "180+1"]
[WhiteFideId "14120828"]
[BlackFideId "12967300"]
[WhiteElo "2725"]
[BlackElo "2321"]
[WhiteTeam "UKR"]
[BlackTeam "GER"]
[WhiteClock "0:00:31"]
[BlackClock "0:00:04"]

1. e4 e5 2. Nf3 Nf6 3. d4 Nxe4 4. dxe5 d5 5. Bd3 Nc5 6. O-O Be7 7. h3 O-O 8. Nc3 c6 9. Re1 Be6 10. Nd4 Nbd7 11. Bf5 g6 12. Bxe6 Nxe6 13. Bh6 Re8 14. Nxe6 fxe6 15. Qg4 Bf8 16. Bg5 Qb6 17. Bf6 Qxb2 18. Ne2 Nxf6 19. exf6 Qxf6 20. Ng3 Bd6 21. Rab1 b6 22. Qa4 Bxg3 23. fxg3 e5 24. c4 e4 25. cxd5 cxd5 26. Rbd1 Qe5 27. Qd7 Rad8 28. Qxa7 Rd6 29. Qc7 e3 30. Kh2 d4 31. Rd3 h5 32. h4 g5 33. Rf1 gxh4 34. Qf7+ Kh8 35. Rf5 Qxg3+ 36. Kh1 Qe1+ 37. Kh2 Qg3+ 38. Kg1 Qe1+ 39. Rf1 Qxf1+ 40. Kxf1 Ree6 41. Qxh5+ Kg7 42. Qxh4 e2+ 43. Ke1 Rc6 44. Qxd4+ Kf7 45. Qd7+ Kg6 46. Rg3+ Kf5 47. Rf3+ Ke4 48. Qd3+ Ke5 49. Rf5# 1-0

[Event "November 21 Early 2023"]
[Site "https://www.chess.com"]
[Date "2023.11.21"]
[Round "2"]
[White "Arslanov, Shamil"]
[Black "Demchenko, Anton"]
[Result "0-1"]
[Board "14"]
[TimeControl "180+1"]
[WhiteFideId "4192826"]
[BlackFideId "4160258"]
[WhiteElo "2326"]
[BlackElo "2545"]
[WhiteTeam "RUS"]
[BlackTeam "SLO"]
[WhiteClock "0:00:00"]
[BlackClock "0:00:35"]

1. d4 Nf6 2. f3 d5 3. e4 dxe4 4. Nc3 e5 5. dxe5 Qxd1+ 6. Kxd1 Nfd7 7. Nd5 Kd8 8. Bg5+ f6 9. exf6 gxf6 10. Nxf6 Be7 11. Nxe4 Nc6 12. c3 Bxg5 13. Nxg5 Nde5 14. Kd2 h6 15. Ne4 Bf5 16. Re1 Kc8 17. h3 Re8 18. g4 Bxe4 19. fxe4 Kd7 20. Kc2 Rf8 21. Rh2 Ke7 22. Bb5 Nd8 23. Rg2 c6 24. Be2 Ne6 25. Rg3 Rf2 26. Kc1 Raf8 27. h4 Nf4 28. g5 hxg5 29. hxg5 Rg8 30. Kd1 c5 31. Nh3 Rd8+ 32. Kc2 Rxe2+ 33. Rxe2 Nxe2 34. Rg2 Rh8 35. Rxe2 Rxh3 36. Rg2 Nf3 37. Kb3 Ne5 38. g6 Kf8 39. g7+ Kg8 40. a4 Rh5 41. Rg5 Rxg5 0-1

[Event "November 21 Early 2023"]
[Site "https://www.chess.com"]
[Date "2023.11.21"]
[Round "2"]
[White "Degenbaev, Aziz"]
[Black "Nguyen, Ngoc Truong Son"]
[Result "0-1"]
[Board "15"]
[TimeControl "180+1"]
[WhiteFideId "13802640"]
[BlackFideId "12401110"]
[WhiteElo "2083"]
[BlackElo "2556"]
[WhiteTeam "KGZ"]
[BlackTeam "VIE"]
[WhiteClock "0:00:03"]
[BlackClock "0:00:40"]

1. d4 Nf6 2. c4 g6 3. Nf3 Bg7 4. Nc3 O-O 5. e4 d6 6. Be2 Nbd7 7. O-O e5 8. Be3 Qe7 9. Qc2 c6 10. d5 c5 11. a3 Nh5 12. b4 b6 13. bxc5 Nxc5 14. Nd2 Nf4 15. Nb3 Nxe2+ 16. Nxe2 f5 17. Nxc5 bxc5 18. f3 f4 19. Bf2 g5 20. Rab1 g4 21. Be1 h5 22. Qa4 h4 23. Qc6 gxf3 24. Qxa8 fxe2 25. Rf2 Ba6 26. Qc6 Bxc4 27. Rb7 Qf6 28. Rxa7 Qg6 29. Qd7 Bd3 30. Qe6+ Qxe6 31. dxe6 Rb8 32. e7 Kf7 33. Rf3 Bxe4 34. Rc3 Bf6 35. Kf2 Bxe7 36. Kxe2 Ke6 37. Kf2 Rb2+ 38. Kf1 Bxg2+ 39. Kg1 h3 40. a4 Rb1 41. Rxe7+ Kxe7 42. Kf2 e4 43. a5 e3+ 44. Ke2 f3+ 45. Kxe3 Rxe1+ 46. Kf2 Re2+ 47. Kg1 f2# 0-1

[Event "November 21 Early 2023"]
[Site "https://www.chess.com"]
[Date "2023.11.21"]
[Round "2"]
[White "Galchenko, Matvey"]
[Black "Nitin, S."]
[Result "1-0"]
[Board "16"]
[TimeControl "180+1"]
[WhiteFideId "24175480"]
[BlackFideId "5018277"]
[WhiteElo "2406"]
[BlackElo "2359"]
[WhiteTeam "FID"]
[BlackTeam "IND"]
[WhiteClock "0:00:52"]
[BlackClock "0:00:38"]

1. e4 c5 2. c3 Nf6 3. e5 Nd5 4. Nf3 Nc6 5. Bc4 Nb6 6. Bb3 c4 7. Bc2 d6 8. exd6 e5 9. a4 Bxd6 10. O-O Bg4 11. h3 Bh5 12. a5 Nd7 13. d3 cxd3 14. Qxd3 Nc5 15. Qe3 O-O 16. Nbd2 Qe7 17. b4 Nd7 18. Nc4 a6 19. Nxd6 Qxd6 20. Ba3 Qf6 21. b5 Ne7 22. Ng5 Bg6 23. Ne4 Bxe4 24. Qxe4 axb5 25. Qxh7# 1-0

[Event "November 21 Early 2023"]
[Site "https://www.chess.com"]
[Date "2023.11.21"]
[Round "2"]
[White "Taboas Rodriguez, Daniel"]
[Black "Le, Tuan Minh"]
[Result "0-1"]
[Board "17"]
[TimeControl "180+1"]
[WhiteFideId "2208466"]
[BlackFideId "12401153"]
[WhiteElo "2365"]
[BlackElo "2561"]
[WhiteTeam "ESP"]
[BlackTeam "VIE"]
[WhiteClock "0:00:09"]
[BlackClock "0:00:12"]

1. d4 d5 2. Nf3 Nf6 3. c4 c6 4. cxd5 cxd5 5. Nc3 Nc6 6. Bf4 a6 7. Rc1 Bf5 8. e3 Rc8 9. Ne5 Bd7 10. Bd3 e6 11. O-O Be7 12. Qf3 O-O 13. Qh3 g6 14. Bh6 Re8 15. f4 b5 16. Bg5 b4 17. Ne2 Ne4 18. Nxf7 Qa5 19. Ne5 Nxg5 20. fxg5 Nxe5 21. dxe5 Rxc1 22. Nxc1 Bxg5 23. Qf3 Qd8 24. Nb3 Bh6 25. Bxa6 Rf8 26. Qe2 Rxf1+ 27. Kxf1 Qg5 28. Nc5 Be8 29. Bc8 Qf5+ 30. Qf3 Qb1+ 31. Kf2 Qc2+ 32. Kg3 Qxc5 33. Bxe6+ Kh8 34. Qf6+ Bg7 35. Qd8 Qxe3+ 36. Kg4 h5+ 37. Kh4 Qf4+ 38. Kh3 Qf8 39. Bxd5 Bxe5 40. Bc6 Qf5+ 41. Kh4 Qg4# 0-1

[Event "November 21 Early 2023"]
[Site "https://www.chess.com"]
[Date "2023.11.21"]
[Round "2"]
[White "Daneshvar, Bardiya"]
[Black "Souleidis, Georgios"]
[Result "1-0"]
[Board "18"]
[TimeControl "180+1"]
[WhiteFideId "12576468"]
[BlackFideId "4206827"]
[WhiteElo "2483"]
[BlackElo "2401"]
[WhiteTeam "IRI"]
[BlackTeam "GRE"]
[WhiteClock "0:01:30"]
[BlackClock "0:00:13"]

1. Nf3 Nf6 2. c4 g6 3. Nc3 Bg7 4. e4 d6 5. d4 O-O 6. Be2 e5 7. O-O Bg4 8. d5 a5 9. h3 Bxf3 10. Bxf3 Na6 11. Be3 b6 12. a3 Nc5 13. Qc2 a4 14. Bxc5 bxc5 15. Nxa4 Nd7 16. b4 cxb4 17. axb4 f5 18. c5 Kh8 19. b5 fxe4 20. Bxe4 Nf6 21. b6 Nxe4 22. Qxe4 Rf4 23. Qc2 e4 24. b7 Rb8 25. c6 Bxa1 26. Rxa1 Qf6 27. Qb2 Rxf2 28. Qxf6+ Rxf6 29. Nc3 e3 30. Re1 Kg7 31. Rxe3 Kf8 32. Nb5 Rf7 33. Ra3 Ke7 34. Ra8 Rff8 35. Rxb8 Rxb8 36. Nxc7 1-0

[Event "November 21 Early 2023"]
[Site "https://www.chess.com"]
[Date "2023.11.21"]
[Round "2"]
[White "Spata, German"]
[Black "Liang, Awonder"]
[Result "0-1"]
[Board "19"]
[TimeControl "180+1"]
[WhiteFideId "113026"]
[BlackFideId "2056437"]
[WhiteElo "2260"]
[BlackElo "2527"]
[WhiteTeam "ARG"]
[BlackTeam "USA"]
[WhiteClock "0:00:00"]
[BlackClock "0:02:04"]

1. e4 b6 2. Nc3 Bb7 3. d3 e6 4. g3 d5 5. exd5 Nf6 6. Bg2 Nxd5 7. Nxd5 Bxd5 8. Nf3 Ke7 9. O-O Ke8 10. c4 Bb7 11. d4 Be7 12. b3 Nd7 13. Bb2 Nf6 14. Re1 Kf8 15. Qe2 h6 16. Rad1 Bb4 17. Rf1 Kg8 18. a3 Bd6 19. Ne5 Bxg2 20. Kxg2 Qe7 21. f4 Bxa3 22. Bxa3 Qxa3 23. f5 exf5 24. Rxf5 Re8 25. Rxf6 gxf6 26. Qg4+ Kh7 27. Qf5+ Kg7 28. Qg4+ Kh7 29. Qf5+ Kg7 30. Qg4+ Kf8 31. Nd7+ Ke7 32. Re1+ Kd8 33. Nxf6 Re7 34. Rxe7 Qxe7 35. Nd5 Qe6 36. Qf4 Qd6 37. Qxf7 Kc8 38. Ne7+ Kb8 39. Nf5 Qd8 40. d5 Rf8 41. Qe6 Re8 42. Qc6 Re2+ 43. Kf3 Re5 44. Nd4 Qf8+ 45. Kg2 Re1 46. Kh3 Qf1+ 47. Kh4 Re4+ 48. Kh5 Qh3+ 49. Kg6 Rxd4 0-1

[Event "November 21 Early 2023"]
[Site "https://www.chess.com"]
[Date "2023.11.21"]
[Round "2"]
[White "Pranesh M"]
[Black "Al-Tarboush, Ward"]
[Result "1-0"]
[Board "20"]
[TimeControl "180+1"]
[WhiteFideId "35028600"]
[BlackFideId "7601450"]
[WhiteElo "2481"]
[BlackElo "2280"]
[WhiteTeam "IND"]
[BlackTeam "NOR"]
[WhiteClock "0:01:48"]
[BlackClock "0:00:56"]

1. e4 e6 2. d4 d5 3. Nd2 c5 4. exd5 Qxd5 5. Ngf3 cxd4 6. Bc4 Qd6 7. O-O Nf6 8. Nb3 Nc6 9. Qe2 Be7 10. Rd1 O-O 11. Nbxd4 Nxd4 12. Rxd4 Qc5 13. Be3 Qh5 14. Rh4 Qa5 15. Bd4 b5 16. Bd3 g6 17. Ng5 b4 18. Qe3 Bb7 19. Nxh7 Nxh7 20. Qh6 1-0

[Event "November 21 Early 2023"]
[Site "https://www.chess.com"]
[Date "2023.11.21"]
[Round "2"]
[White "Belov, Alexei"]
[Black "Bharath Subramaniyam H"]
[Result "0-1"]
[Board "21"]
[TimeControl "180+1"]
[WhiteFideId "4128206"]
[BlackFideId "46634827"]
[WhiteElo "2622"]
[BlackElo "2435"]
[WhiteTeam "RUS"]
[BlackTeam "IND"]
[WhiteClock "0:00:10"]
[BlackClock "0:00:25"]

1. e4 c5 2. Nf3 d6 3. d4 cxd4 4. Nxd4 Nf6 5. Nc3 a6 6. Be2 e5 7. Nb3 Be7 8. O-O O-O 9. Kh1 Nc6 10. f4 Re8 11. a4 b6 12. Nd5 Bb7 13. Be3 Nxd5 14. exd5 Nb4 15. c4 Bf6 16. a5 b5 17. Qd2 exf4 18. Bb6 Qe7 19. Rae1 Bh4 20. Qxb4 Bxe1 21. Rxe1 f3 22. gxf3 Rac8 23. Bf2 bxc4 24. Bxc4 Qd7 25. Rxe8+ Rxe8 26. Nd4 h5 27. Kg2 Bc8 28. Bf1 Re5 29. f4 Re4 30. Qb8 Rxf4 31. Nc6 Qg4+ 32. Bg3 Qf3+ 0-1

[Event "November 21 Early 2023"]
[Site "https://www.chess.com"]
[Date "2023.11.21"]
[Round "2"]
[White "Gholami Orimi, Mahdi"]
[Black "Pastar, Slaven"]
[Result "1-0"]
[Board "22"]
[TimeControl "180+1"]
[WhiteFideId "12558486"]
[BlackFideId "14402718"]
[WhiteElo "2331"]
[BlackElo "2230"]
[WhiteTeam "IRI"]
[BlackTeam "BIH"]
[WhiteClock "0:02:15"]
[BlackClock "0:00:15"]

1. c4 b6 2. Nc3 Bb7 3. d4 Nf6 4. Qc2 d5 5. Nf3 e6 6. Bf4 Bb4 7. e3 Ne4 8. Bd3 Nd7 9. O-O Bxc3 10. bxc3 Ndf6 11. cxd5 exd5 12. c4 c6 13. Ne5 O-O 14. f3 Nd6 15. c5 bxc5 16. dxc5 Nc4 17. Nxc4 dxc4 18. Bxc4 Nd5 19. Rab1 Bc8 20. Bxd5 Qxd5 21. Rfd1 Qh5 22. Rd6 Be6 23. Rxc6 Rac8 24. Rxc8 Rxc8 25. c6 Qd5 26. c7 h5 27. Rd1 Qa8 28. Bg5 f6 29. Bxf6 gxf6 30. Qg6+ Kf8 31. Qxf6+ Bf7 32. Rd8+ Rxd8 33. cxd8=Q+ 1-0

[Event "November 21 Early 2023"]
[Site "https://www.chess.com"]
[Date "2023.11.21"]
[Round "2"]
[White "Khumalo, Keith"]
[Black "Van Foreest, Jorden"]
[Result "0-1"]
[Board "23"]
[TimeControl "180+1"]
[WhiteFideId "14319470"]
[BlackFideId "1039784"]
[WhiteElo "2093"]
[BlackElo "2664"]
[WhiteTeam "RSA"]
[BlackTeam "NED"]
[WhiteClock "0:00:42"]
[BlackClock "0:01:00"]

1. d4 Nf6 2. c4 g6 3. Nc3 d5 4. Bg5 Ne4 5. Bf4 Nxc3 6. bxc3 Bg7 7. e3 c5 8. Nf3 O-O 9. cxd5 Qxd5 10. Be2 b6 11. O-O Bb7 12. a4 Nc6 13. Qb1 Na5 14. Rd1 Rac8 15. Ne1 Rfd8 16. Bf3 Qd7 17. Bxb7 Qxb7 18. Qb5 cxd4 19. cxd4 Qc6 20. Nd3 Qe4 21. Rac1 f6 22. f3 Qe6 23. Rxc8 Rxc8 24. e4 Qa2 25. Rd2 Qa1+ 26. Kf2 Qxd4+ 27. Be3 Qc4 28. Qd7 Nb3 29. Rb2 f5 30. Rxb3 fxe4 31. Ra3 Qc2+ 32. Kg3 exd3 33. Rxd3 Qc7+ 34. Bf4 Qc4 35. Qxe7 Rf8 36. Qe4 Qf7 37. Qd5 Bf6 38. Qxf7+ Rxf7 39. Be3 Re7 40. Kf2 Kf7 41. g4 Rc7 42. f4 Ke6 43. Kf3 Rc4 44. Ra3 Bd4 45. Bd2 Bc5 46. Ra2 a5 47. h3 Kd5 48. h4 Rd4 49. h5 Rd3+ 50. Ke2 Rg3 51. hxg6 hxg6 52. g5 Ke4 53. Rc2 Rg2+ 54. Kf1 Rh2 55. Rc4+ Kd3 56. Rc3+ Kxd2 0-1

[Event "November 21 Early 2023"]
[Site "https://www.chess.com"]
[Date "2023.11.21"]
[Round "2"]
[White "Khismatullin, Denis"]
[Black "Gontcharov, Vladislav"]
[Result "1-0"]
[Board "24"]
[TimeControl "180+1"]
[WhiteFideId "4142578"]
[BlackFideId "4123492"]
[WhiteElo "2552"]
[BlackElo "2420"]
[WhiteTeam "RUS"]
[BlackTeam "RUS"]
[WhiteClock "0:00:34"]
[BlackClock "0:00:00"]

1. e4 e6 2. d4 d5 3. Nc3 Nc6 4. Nf3 Nf6 5. Bg5 Bb4 6. Bd3 h6 7. Bxf6 Qxf6 8. O-O Bxc3 9. bxc3 O-O 10. Re1 Bd7 11. Qe2 Rfe8 12. e5 Qe7 13. a4 Na5 14. Qe3 c5 15. h4 Rac8 16. Qf4 cxd4 17. cxd4 Nc4 18. Nh2 Kh8 19. g3 Nb2 20. Ng4 Nxd3 21. cxd3 Qf8 22. Re3 Rc7 23. Rf3 Bc8 24. Kg2 Qg8 25. a5 Qh7 26. Qd2 Rd8 27. Qb4 Qg8 28. Rf4 Qf8 29. Qd2 Bd7 30. Re1 Rdc8 31. Rf6 gxf6 32. exf6 Be8 33. Re5 Rc2 34. Qf4 Ra2 35. Rh5 1-0

[Event "November 21 Early 2023"]
[Site "https://www.chess.com"]
[Date "2023.11.21"]
[Round "2"]
[White "Principe, Gerson"]
[Black "Alekseenko, Kirill"]
[Result "0-1"]
[Board "25"]
[TimeControl "180+1"]
[WhiteFideId "3804550"]
[BlackFideId "4135539"]
[WhiteElo "2186"]
[BlackElo "2667"]
[WhiteTeam "PER"]
[BlackTeam "AUT"]
[WhiteClock "0:00:06"]
[BlackClock "0:00:05"]

1. d4 d5 2. e3 Nf6 3. Nf3 Bg4 4. Be2 e6 5. O-O Bd6 6. b3 Nbd7 7. Bb2 O-O 8. Nbd2 Qe7 9. Ne5 Bxe2 10. Qxe2 c5 11. c4 Rac8 12. Nxd7 Nxd7 13. cxd5 exd5 14. dxc5 Nxc5 15. Rfd1 Rfd8 16. Rac1 f6 17. Bd4 b6 18. g3 Be5 19. Nf3 Qe6 20. Qb2 Re8 21. b4 Nd7 22. Rxc8 Rxc8 23. Qd2 Rd8 24. Bb2 Bxb2 25. Qxb2 Ne5 26. Nxe5 fxe5 27. Qb3 Kf7 28. f4 d4 29. Qc2 Rd7 30. fxe5 dxe3 31. Rf1+ Ke7 32. Qxh7 Qxe5 33. Qg6 e2 34. Qf7+ Kd8 35. Qf8+ Qe8 36. Qxe8+ Kxe8 37. Re1 Rd2 38. Kf2 Rxa2 39. Rxe2+ Rxe2+ 40. Kxe2 Kf7 41. Ke3 Ke6 42. Ke4 a5 43. bxa5 bxa5 44. h3 a4 45. Kd4 Kf5 46. Kc4 Ke4 47. Kb4 Kf3 48. g4 Kg3 49. Kxa4 Kxh3 50. g5 Kg4 51. g6 Kg5 52. Kb4 Kxg6 53. Kc3 Kf5 54. Kd3 Kf4 55. Ke2 Kg3 56. Kf1 g5 57. Kg1 g4 58. Kh1 Kh3 59. Kg1 Kg3 60. Kh1 Kf2 61. Kh2 g3+ 62. Kh1 g2+ 0-1

[Event "November 21 Early 2023"]
[Site "https://www.chess.com"]
[Date "2023.11.21"]
[Round "2"]
[White "Ibarra Jerez, Jose Carlos"]
[Black "Aaditya Dhingra"]
[Result "0-1"]
[Board "26"]
[TimeControl "180+1"]
[WhiteFideId "2226332"]
[BlackFideId "25678191"]
[WhiteElo "2634"]
[BlackElo "2269"]
[WhiteTeam "ESP"]
[BlackTeam "IND"]
[WhiteClock "0:00:03"]
[BlackClock "0:00:08"]

1. e4 e5 2. Nf3 Nc6 3. d4 exd4 4. Nxd4 Qf6 5. Nb3 Qg6 6. f3 Bb4+ 7. c3 Be7 8. Bf4 d6 9. c4 Bf6 10. Nc3 Bxc3+ 11. bxc3 f5 12. exf5 Bxf5 13. c5 O-O-O 14. cxd6 Nf6 15. Nd4 Rhe8+ 16. Kf2 Nxd4 17. Qxd4 Nh5 18. Be5 cxd6 19. Bg3 Kb8 20. Bb5 Nxg3 21. hxg3 Re5 22. a4 a6 23. Be2 Rde8 24. Rhe1 Re3 25. Bf1 Rxe1 26. Rxe1 Rxe1 27. Kxe1 Qe6+ 28. Kf2 Qe5 29. Qb4 Qc5+ 30. Qxc5 dxc5 31. a5 Kc7 32. Ke3 b6 33. axb6+ Kxb6 34. Kf4 Bb1 35. Ke5 a5 36. Bc4 a4 37. Ke6 a3 38. Kf7 g5 39. Kf6 a2 40. Bxa2 Bxa2 41. Kxg5 Bb1 42. f4 Kc6 43. Kf6 Kd7 44. g4 c4 45. g5 Ke8 46. Kg7 Ke7 47. g4 Ke6 48. f5+ Bxf5 49. gxf5+ Kxf5 50. Kh6 Kg4 51. Kxh7 Kxg5 52. Kg7 Kf5 53. Kh6 Ke4 54. Kg5 Kd3 55. Kf4 Kxc3 56. Ke3 Kb2 0-1